 Dungeon Crawl Stone Soup version 0.29-a0-1009-g60c99734e7 (webtiles) character file.

Game seed: 7783017652713224519

8622 drpainis the Covert (level 11, 0/56 HPs)
             Began as a Spriggan Enchanter on Aug 8, 2022.
             Was a Believer of Dithmenos.
             Slain by an orc warlord
             ... wielding a +2 war axe
              (29 damage)
             ... on level 1 of the Orcish Mines on Aug 9, 2022.
             The game lasted 00:37:25 (23044 turns).

drpainis the Covert (Spriggan Enchanter)           Turns: 23044, Time: 00:37:27

Health: 0/56       AC:  7    Str:  4    XL:     11   Next: 12%
Magic:  34/34      EV: 22    Int: 19    God:    Dithmenos [**....]
Gold:   488        SH:  0    Dex: 18    Spells: 6/29 levels left

rFire   . . .      SeeInvis +   R - +4 dagger (speed)
rCold   . . .      Faith    .   (no shield)
rNeg    . . .      Spirit   .   t - +5 robe of Night {Dark Will+ SInv}
rPois   +          Reflect  .   (helmet restricted)
rElec   .          Harm     .   (no cloak)
rCorr   .          Rampage  .   (gloves unavailable)
Will    ++...      Rage     3%  (boots unavailable)
Stlth   ++++++++..              E - amulet of the acrobat
HPRegen 0.18/turn               u - ring of magical power
MPRegen 0.24/turn               x - ring of poison resistance

@: wreathed by umbra, invisible, very quick
A: very small, no large weapons, unfitting armour, see invisible, speed 3,
berserk 1, robust 1, evolution 1, MP-powered wands
a: Renounce Religion, Shadow Step


You were on level 1 of the Orcish Mines.
You worshipped Dithmenos.
Dithmenos was pleased with you.
You visited 3 branches of the dungeon, and saw 13 of its levels.

You collected 934 gold pieces.
You spent 446 gold pieces at shops.

Inventory:

Hand Weapons
 a - a +2 dagger
 k - a +2 vampiric dagger
 F - a +3 dagger of draining
 J - a +6 vorpal sling
 K - a +3 dagger of distortion
 R - a +4 dagger of speed (weapon)
Armour
 b - a +0 robe
 t - the +5 robe of Night (worn) {Dark Will+ SInv}
   (You found it on level 3 of the Dungeon)

   It shrouds the wearer in darkness, reducing the range at which they can see
   and be seen by others.
   SInv:      It lets you see invisible.
   Will:      It increases your willpower.
Magical Staves
 C - a staff of earth
 V - a staff of conjuration
Jewellery
 r - a +6 ring of strength
 u - a ring of magical power (left hand)
 w - a ring of ice
 x - a ring of poison resistance (right hand)
 E - an amulet of the acrobat (around neck)
 L - a +4 ring of evasion
 N - a ring of positive energy
 P - a ring of ice
Wands
 f - a wand of flame (22)
 D - a wand of polymorph (1)
 G - a wand of quicksilver (12)
 S - a wand of digging (4)
Scrolls
 d - a scroll of summoning {unknown}
 e - 2 scrolls of poison
 m - 3 scrolls of amnesia
 s - a scroll of blinking {unknown}
 y - 2 scrolls of fog
 A - a scroll of magic mapping {unknown}
 H - 6 scrolls of identify
 I - a scroll of acquirement {unknown}
 M - a scroll of vulnerability {unknown}
 T - a scroll of brand weapon {unknown}
 U - a scroll of torment {unknown}
Potions
 i - a potion of haste {unknown}
 j - a potion of might {unknown}
 l - 4 potions of flight
 n - 2 potions of degeneration {unknown}
 o - a potion of brilliance {unknown}
 p - 2 potions of berserk rage {unknown}
 q - 2 potions of curing
 z - a potion of magic {unknown}
 B - a potion of attraction {unknown}
 O - a potion of cancellation {unknown}
 Q - 2 potions of lignification {unknown}


   Skills:
 + Level 2.7 Fighting
 + Level 6.2 Short Blades
 + Level 7.3 Dodging
 + Level 13.7 Stealth
 + Level 9.9 Spellcasting
 + Level 1.0 Conjurations
 + Level 10.1 Hexes
 + Level 0.2 Transmutations
 + Level 4.0 Ice Magic
 + Level 0.5 Earth Magic
 + Level 1.4 Evocations


You had 6 spell levels left.
You knew the following spells:

 Your Spells              Type           Power      Damage    Failure   Level
a - Ensorcelled Hibernat  Hex/Ice        72%        N/A       1%          2
b - Confusing Touch       Hex            47%        N/A       1%          3
c - Tukima's Dance        Hex            47%        N/A       1%          3
d - Dazzling Flash        Conj/Hex       60%        N/A       2%          3
e - Passwall              Tmut/Erth      9%         N/A       10%         2
f - Leda's Liquefaction   Hex/Erth       14%        N/A       9%          4
g - Swiftness             Air            9%         N/A       22%         3
h - Mephitic Cloud        Conj/Pois/Air  10%        N/A       19%         3

Your spell library contained the following spells:

 Spells                   Type           Power      Damage    Failure   Level
 Portal Projectile        Hex/Tloc       56%        N/A       2%          3
 Call Canine Familiar     Summ           9%         N/A       22%         3
 Ignite Poison            Fire/Tmut/Pois 9%         N/A       22%         3
 Freezing Cloud           Conj/Ice/Air   7%         6-21      71%         5


Dungeon Overview and Level Annotations

Branches:
Dungeon (10/15)            Temple (1/1) D:4             Orc (2/2) D:10
   Lair: D:8-11         Elf: Orc:2

Altars:
Ashenzari
Cheibriados
Dithmenos
Elyvilon
Fedhas
Gozag
Hepliaklqana
Kikubaaqudgha
Makhleb
Nemelex Xobeh
Okawaru
Qazlal
Ru
Sif Muna
Trog
Uskayaw
Vehumet
Wu Jian
Xom
Yredelemnul
Zin
The Shining One

Shops:
D:1 [   D:3 =   Orc:1 *


Innate Abilities, Weirdness & Mutations

You are very small and have problems with some larger weapons.
You are too small for most types of armour.
You have supernaturally acute eyesight. (SInv)
You cover ground extremely quickly. (Speed+++)
You sometimes lose your temper in combat.
You are robust. (+10% HP)
You have hidden genetic potential.
You expend magic power (3 MP) to strengthen your wands.


Message History

An orc warlord is nearby!
You see here a +0 trident.
Things that are here:
a +0 robe; a +0 dagger
Okay, then.
Okay, then.
Things that are here:
a +0 troll leather armour; a troll skeleton
Casting: Mephitic Cloud (dangerous; 19% risk of failure)
Confirm with . or Enter, or press ? or * to list all spells.
You aren't next to any passable walls.
Unknown command.
The air fills with toxic fumes!
As you read the scroll of poison, it crumbles to dust.
The orc warlord is poisoned.
The orc warlord is engulfed in poison gas.
The orc warlord looks even sicker.
The orc warlord looks even sicker.
You fade into invisibility!
The orc warlord is engulfed in poison gas.
The orc warlord looks as sick as possible!
The orc warlord hits you with a +2 war axe!
The orc warlord is engulfed in poison gas.
The orc warlord looks as sick as possible!
The orc warlord completely misses you.
You feel better.
The orc warlord is engulfed in poison gas.
The orc warlord looks as sick as possible!
The orc warlord closely misses you.
The orc warlord is engulfed in poison gas.
The orc warlord looks as sick as possible!
The orc warlord hits you with a +2 war axe!!
Okay, then.
As you read the scroll of fog, it crumbles to dust.
The scroll dissolves into smoke.
The orc warlord is engulfed in poison gas.
The orc warlord looks as sick as possible!
The orc warlord hits you with a +2 war axe!!
Ouch! That really hurt!
You die...

######.#..>......#...#.........o.
#.#.#...#..#......o.....)........
.o.o......^......................
....#......○○○§☼§.§○§§........)..
[..[..##...○○§§☼§§○§☼☼...........
..#.∩.###..☼§☼§☼§§☼§§○...........
...).....##☼§§§☼§○§§§§......<.>..
##.###.....§☼§☼§o☼§§§○...........
### ##....☼§§○§@☼§☼○§...........
##...§§§§☼○§§§#§...........
###.###☼§§#§##............ ###
##○#####............
#####.##....[......
#...##.......... #....#..........
##......#.##.... ###.....##.....


You could see an orc warlord (unable to see you, extremely poisoned).

Vanquished Creatures
  A two-headed ogre (D:9)
  Pikel (D:4)
  An orc knight (D:10)
  Joseph (D:7)
  Psyche (D:8)
  2 trolls (Orc:1)
  2 hornets
  A shadow (D:10)
  3 yaks (D:10)
  2 vampire mosquitoes (D:10)
  A steam dragon (D:9)
  Menkaure (D:7)
  2 wargs (Orc:1)
  An acid dragon (D:9)
  A water moccasin (D:7)
  Duvessa (D:6)
  11 orc warriors
  A sky beast (D:7)
  2 ice beasts
  A black bear (D:6)
  3 ogres
  2 centaurs
  A lemure (D:4)
  4 kobold brigands
  3 bullfrogs
  2 necrophages (D:5)
  3 wights (D:7)
  Dowan (D:6)
  5 killer bees
  2 vampire bats (D:6)
  8 orc priests
  5 hounds
  A jelly (D:6)
  2 iguanas
  10 orc wizards
  5 adders
  3 gnolls (D:5)
  A shadow imp (D:7)
  A white imp (D:6)
  An ufetubus (D:4)
  2 worms
  3 dart slugs
  70 orcs
  11 bats
  8 endoplasms
  2 giant cockroaches
  4 goblins
  5 hobgoblins (D:1)
  4 jackals (D:2)
  14 kobolds
  7 frilled lizards
  5 rats
235 creatures vanquished.

Vanquished Creatures (collateral kills)
  2 ogres
  2 wights (D:7)
  An orc priest (D:5)
  An orc (D:10)
6 creatures vanquished.

Vanquished Creatures (others)
  A dancing weapon (D:7)
  An orc (D:9)
2 creatures vanquished.

Grand Total: 243 creatures vanquished

Notes
Turn   | Place    | Note
-------+----------+-------------------------------------------
     0 | D:1      | drpainis the Spriggan Enchanter began the quest for the
                  | Orb.
     0 | D:1      | Reached XP level 1. HP: 9/9 MP: 5/5
   623 | D:1      | Reached XP level 2. HP: 13/13 MP: 6/6
  1074 | D:1      | Reached skill level 5 in Stealth
  1618 | D:1      | Found Zuxem's Antique Armour Shoppe.
  1966 | D:2      | Learned a level 2 spell: Ensorcelled Hibernation
  2034 | D:2      | Reached XP level 3. HP: 16/16 MP: 2/8
  4842 | D:3      | Found Wiugoschats's Jewellery Shop.
  5319 | D:3      | Found the +5 robe of Night {Dark Will+ SInv}
  5406 | D:3      | Reached XP level 4. HP: 10/21 MP: 0/9
  6081 | D:3      | Reached skill level 6 in Stealth
  6120 | D:3      | Found a faded altar of an unknown god.
  6492 | D:4      | Reached XP level 5. HP: 25/25 MP: 9/11
  6584 | D:4      | Noticed an ogre
  6784 | D:3      | Learned a level 3 spell: Confusing Touch
  6788 | D:3      | Learned a level 3 spell: Tukima's Dance
  6800 | D:4      | Killed an ogre
  6801 | D:4      | Reached skill level 7 in Stealth
  6889 | D:4      | Reached skill level 1 in Ice Magic
  7364 | D:4      | Noticed a lemure
  7376 | D:4      | Noticed a lemure
  7396 | D:4      | Killed a lemure
  7402 | D:4      | Noticed Pikel
  7404 | D:4      | Noticed a lemure
  7407 | D:4      | Noticed a lemure
  7419 | D:4      | Killed Pikel
  7420 | D:4      | Reached skill level 8 in Stealth
  7420 | D:4      | Reached skill level 5 in Hexes
  7420 | D:4      | Reached XP level 6. HP: 29/29 MP: 10/14
  7420 | D:4      | Reached XP level 7. HP: 32/32 MP: 10/15
  7739 | D:4      | Found a staircase to the Ecumenical Temple.
  7833 | Temple   | Entered the Ecumenical Temple
  8143 | Temple   | Became a worshipper of Dithmenos the Shadowed
  8231 | D:5      | Entered Level 5 of the Dungeon
  8284 | D:5      | Reached skill level 5 in Spellcasting
  8435 | D:5      | Reached skill level 1 in Fighting
  8890 | D:4      | Learned a level 3 spell: Dazzling Flash
  9152 | D:5      | Reached XP level 8. HP: 37/37 MP: 18/18
  9879 | D:5      | Reached skill level 9 in Stealth
 10101 | D:5      | Gained mutation: You have a somewhat thin skeletal
                  | structure. (Dex +2, Stealth+) [potion of mutation]
 10101 | D:5      | Gained mutation: Your movements are slightly less
                  | encumbered by armour. (ER -2) [potion of mutation]
 10335 | D:5      | Lost mutation: You have a somewhat thin skeletal structure.
                  | (Dex +2, Stealth+) [potion of mutation]
 10335 | D:5      | Lost mutation: Your movements are slightly less encumbered
                  | by armour. (ER -2) [potion of mutation]
 10335 | D:5      | Gained mutation: Your mind is acute. (Int +4, Str/Dex -1)
                  | [potion of mutation]
 12349 | D:6      | Noticed Dowan
 12351 | D:6      | Noticed Duvessa
 12421 | D:6      | Killed Duvessa
 12422 | D:6      | Reached skill level 10 in Stealth
 12430 | D:6      | Killed Dowan
 13086 | D:6      | Reached XP level 9. HP: 38/42 MP: 20/20
 13377 | D:3      | Bought an amulet of the acrobat for 390 gold pieces
 13708 | D:7      | Noticed Joseph
 13721 | D:7      | Killed Joseph
 13722 | D:7      | Reached skill level 5 in Dodging
 13903 | D:7      | Reached skill level 11 in Stealth
 14875 | D:7      | Lost mutation: Your mind is acute. (Int +4, Str/Dex -1)
                  | [potion of mutation]
 14875 | D:7      | Gained mutation: You expend magic power (3 MP) to
                  | strengthen your wands. [potion of mutation]
 14875 | D:7      | Gained mutation: You occasionally lose the ability to drink
                  | potions when taking damage. [potion of mutation]
 14875 | D:7      | Gained mutation: Armour fits poorly on your strangely
                  | shaped body. [potion of mutation]
 14875 | D:7      | Gained mutation: Your flesh is heat resistant. (rF+)
                  | [potion of mutation]
 15230 | D:7      | Noticed Menkaure
 15755 | D:7      | Killed Menkaure
 15756 | D:7      | Reached skill level 5 in Short Blades
 16221 | D:8      | Noticed Psyche
 16236 | D:8      | Killed Psyche
 16593 | D:8      | Reached XP level 10. HP: 46/46 MP: 23/23
 16611 | D:8      | Reached skill level 1 in Evocations
 16624 | D:8      | Reached * piety under Dithmenos
 16967 | D:8      | Reached skill level 12 in Stealth
 17313 | D:9      | Noticed a two-headed ogre
 17318 | D:9      | Killed a two-headed ogre
 17802 | D:9      | Lost mutation: You occasionally lose the ability to drink
                  | potions when taking damage. [potion of mutation]
 17802 | D:9      | Lost mutation: Armour fits poorly on your strangely shaped
                  | body. [potion of mutation]
 17802 | D:9      | Lost mutation: Your flesh is heat resistant. (rF+) [potion
                  | of mutation]
 17802 | D:9      | Gained mutation: You have hidden genetic potential. [potion
                  | of mutation]
 17802 | D:9      | Gained mutation: You are robust. (+10% HP) [potion of
                  | mutation]
 17802 | D:9      | Gained mutation: You sometimes lose your temper in combat.
                  | [potion of mutation]
 18215 | D:9      | Identified the +6 falchion "Pepho" {flame, rElec rPois
                  | Will- MP+9}
 18370 | D:9      | Reached skill level 13 in Stealth
 18483 | D:10     | Entered Level 10 of the Dungeon
 19016 | D:10     | Found a blossoming altar of Fedhas.
 19021 | D:10     | Found a sparkling altar of Nemelex Xobeh.
 19023 | D:10     | Found a sacrificial altar of Ru.
 19024 | D:10     | Found an ornate altar of the Wu Jian Council.
 19024 | D:10     | Found a basalt altar of Yredelemnul.
 19087 | D:10     | Reached ** piety under Dithmenos
 19656 | D:10     | Found a staircase to the Orcish Mines.
 19715 | D:10     | Learned a level 2 spell: Passwall
 19745 | D:10     | Learned a level 4 spell: Leda's Liquefaction
 20163 | D:10     | Learned a level 3 spell: Swiftness
 20353 | Orc:1    | Entered Level 1 of the Orcish Mines
 20560 | Orc:1    | Found Deimny's General Store.
 20567 | Orc:1    | Bought a scroll of identify for 28 gold pieces
 20567 | Orc:1    | Bought a scroll of identify for 28 gold pieces
 20763 | Orc:1    | Found a burning altar of Makhleb.
 20912 | Orc:1    | Noticed an orc knight
 21049 | D:10     | Killed an orc knight
 21050 | D:10     | Reached skill level 1 in Conjurations
 21526 | Orc:1    | Reached XP level 11. HP: 45/56 MP: 24/25
 21702 | Orc:1    | Reached skill level 10 in Hexes
 21922 | Orc:1    | Noticed an orc warlord
 21974 | Orc:2    | Entered Level 2 of the Orcish Mines
 22885 | Orc:1    | Learned a level 3 spell: Mephitic Cloud
 23044 | Orc:1    | Slain by an orc warlord

Illustrated notes

Levels and vault maps discovered:
D:1:      zelgadis_glass_arrival_large, layout_basic, serial_shops,
          nicolae_square_shop, minmay_lizard_pond
D:2:      layout_basic
D:3:      layout_loops_ring, hellmonk_ecumenical_altar_inner_sanctum,
          serial_shops, nicolae_shop_waterfront
D:4:      layout_rooms, temple_pool_b, nrook_loot_triangle, uniq_pikel
D:5:      layout_gridville
D:6:      layout_basic, nrook_mini_vaults, roderic_batcave, uniq_duvessa
D:7:      layout_loops_corners, uniq_joseph, uniq_menkaure
D:8:      layout_loops_ring, uniq_psyche
D:9:      layout_loops_cross
D:10:     layout_rooms, minitemple, hiddenorc1_lemuel, reono_crystal_passage
Temple:   minmay_temple_bridge_d
Orc:1:    layout_caves, serial_shops, nicolae_shop_stone, basic_altar,
          minmay_orc_temple_b
Orc:2:    st_orc_ogre_mass, layout_caves, serial_shops, shop, basic_altar,
          nicolae_shop_firing_range, uniq_azrael

Skill      XL: |  1  2  3  4  5  6  7  8  9 10 11 |
---------------+----------------------------------+-----
Hexes          | 4 5 7 8 9 10 | 10.1
Dodging        | 3 4 6 7 |  7.3
Stealth        | 5 6 8 10 11 13 | 13.7
Short Blades   | 2 3 4 5 6 |  6.2
Spellcasting   | 3 4 6 8 9 |  9.9
Ice Magic      | 2 3 4 |  4.0
Fighting       | 1 2 |  2.7
Evocations     | 1 |  1.4
Conjurations   | 1 |  1.0
Transmutations | |  0.2
Earth Magic    | |  0.5

Action                   |  1- 3 |  4- 6 |  7- 9 | 10-12 || total
-------------------------+-------+-------+-------+-------++-------
Melee: Dagger            |   122 |    56 |   293 |   335 ||   806
       Punch             |       |     2 |     5 |     3 ||    10
 Cast: Ensorcelled Hiber |    21 |    22 |    53 |    52 ||   148
       Tukima's Dance    |       |     1 |    14 |     5 ||    20
       Confusing Touch   |       |     1 |    24 |    17 ||    42
       Dazzling Flash    |       |       |    14 |    35 ||    49
       Leda's Liquefacti |       |       |       |    10 ||    10
       Swiftness         |       |       |       |     5 ||     5
       Passwall          |       |       |       |     1 ||     1
       Mephitic Cloud    |       |       |       |     6 ||     6
Evoke: Wand              |       |     1 |     5 |     4 ||    10
  Use: Scroll            |     1 |       |     5 |     7 ||    13
       Potion            |       |       |     7 |     6 ||    13
 Stab: Sleeping          |    19 |    14 |    32 |    34 ||    99
       Confused          |       |       |    14 |     9 ||    23
       Invisible         |       |       |     7 |    23 ||    30
       Distracted        |       |       |       |     2 ||     2
Armor: Robe              |     8 |     1 |    85 |    24 ||   118
Dodge: Dodged            |    90 |    28 |   356 |   262 ||   736

Table legend: (Time is in decaauts)
 A = Elapsed time spent in this place.
 B = Non-inter-level travel time spent in this place.
 C = Inter-level travel time spent in this place.
 D = Time resting spent in this place.
 E = Time spent auto-exploring this place.
 F = Levels seen in this place.
 G = Mean time per level.
                   A        B        C        D        E       F      G
               +--------+--------+--------+--------+--------+-----+--------+
         Total |  19363 |  18970 |    393 |  11848 |   4344 |  13 | 1489.5 |
       Dungeon |  17314 |  17010 |    304 |  10808 |   4038 |  10 | 1731.4 |
        Temple |    230 |    141 |     89 |      0 |    132 |   1 |  230.0 |
  Orcish Mines |   1819 |   1819 |      0 |   1040 |    173 |   2 |  909.5 |
               +--------+--------+--------+--------+--------+-----+--------+

Top non-repeatable levels by time:
     D:5: 2745 daAuts
     D:2: 2497 daAuts
    D:10: 2064 daAuts
     D:7: 2039 daAuts
     D:3: 1837 daAuts
   Orc:1: 1817 daAuts
     D:4: 1612 daAuts
     D:1: 1584 daAuts
     D:6: 1141 daAuts
     D:9: 989 daAuts
     D:8: 801 daAuts
  Temple: 230 daAuts
   Orc:2: 1 daAuts
